 Dungeon Crawl Stone Soup version 0.21-a0-140-g479285b (webtiles) character file.

117 drasked the Skirmisher (level 5, -7/48 HPs)
             Began as a Hill Orc Monk on July 22, 2017.
             Mangled by Crazy Yiuf
             ... wielding a +3 quarterstaff of chaos
              (12 damage)
             ... on level 2 of the Dungeon.
             The game lasted 00:03:35 (2712 turns).

drasked the Skirmisher (Hill Orc Monk)              Turns: 2712, Time: 00:03:36

Health: -7/48      AC:  9    Str: 15    XL:     5   Next: 1%
Magic:  2/5        EV:  7    Int: 10    God:
Gold:   105        SH:  0    Dex: 13    Spells: 4/4 levels left

rFire    . . .     SeeInvis .   j - +0 flail
rCold    . . .     Gourm    .   (no shield)
rNeg     . . .     Faith    .   k - +0 chain mail
rPois    .         Spirit   .   n - +0 helmet
rElec    .         Reflect  .   (no cloak)
rCorr    .         Harm     .   (no gloves)
MR       .....                  (no boots)
Stlth    ..........             (no amulet)
HPRegen  0.16/turn              (no ring)
MPRegen  0.09/turn              (no ring)

@: slowed, drained, very slow
A: no striking features
a: no special abilities


You were on level 2 of the Dungeon.
You were hungry.

You visited 1 branch of the dungeon, and saw 2 of its levels.

You collected 105 gold pieces.

Inventory:

Hand Weapons
 j - a +0 flail (weapon)
   (You took it off Terence on level 2 of the Dungeon)
Armour
 k - a +0 chain mail (worn)
   (You took it off Terence on level 2 of the Dungeon)
 n - a +0 helmet (worn)
   (You took it off Robin on level 2 of the Dungeon)
Jewellery
 d - a cursed ring of loudness {unknown}
   (You found it on level 1 of the Dungeon)
 m - a +3 ring of dexterity {unknown}
   (You found it on level 2 of the Dungeon)
Scrolls
 b - a scroll of amnesia {unknown}
 e - a scroll of enchant weapon {unknown}
 f - 2 scrolls of identify {unknown}
 h - 2 scrolls of recharging {unknown}
 l - a scroll of fog {unknown}
Potions
 g - 2 potions of might {unknown}
 i - a potion of curing {unknown}
Comestibles
 a - 3 meat rations {@e2}
 c - 4 bread rations {@e1}


   Skills:
 + Level 5.4(5.2) Fighting
 + Level 4.7(4.5) Maces & Flails
 - Level 2.4(2.2) Dodging
 - Level 1.5(1.3) Stealth


You had 4 spell levels left.
You didn't know any spells.

Dungeon Overview and Level Annotations

Branches:
Dungeon (2/15)

Altars:
Zin

Annotations:
D:2 Crazy Yiuf


Message History

The adder hisses angrily.
An adder is nearby!
An adder is nearby!
An adder is nearby!
The adder bites you but does no damage.
You sock the adder!
You kill the adder!
No target in view!
No target in view!
No target in view!
You see here an adder corpse.
b - a scroll labeled SUOSKI UHIUNIU You open the door.
There is an open door here.
A dart slug comes into view.
The dart slug bites you.
You take 2 damage, and have 40/42 hp.
You completely miss the dart slug. You hit the dart slug but do no damage.
The dart slug barely misses you.
You hit the dart slug but do no damage.
The dart slug bites you but does no damage.
You hit the dart slug but do no damage.
The dart slug bites you but does no damage.
You hit the dart slug but do no damage. The dart slug launches a dart at you.
The slug dart hits you!
You thump the dart slug! You completely miss the dart slug.
The dart slug launches a dart at you. The slug dart hits you!
You hit the dart slug but do no damage. The dart slug launches a dart at you.
The slug dart hits you!
You sock the dart slug!
You kill the dart slug!
You have reached level 5!
You feel stronger.
Health restored: 48; MP restored: 5 You see here a dart slug corpse.
You see here a dart slug corpse.
There is an open door here.
You open the door.
There is an open door here.
There is an open door here.
You see here an adder corpse.
You are feeling hungry.
You may need something to eat soon, looking for food.
Can't find anything matching that.
Sorry, you're not good enough to have a special ability.
You now have 105 gold pieces (gained 6).
i - an orange potion
There is a stone staircase leading down here.
Things that are here:
a +0 robe; a +0 mace You open the door.
Crazy Yiuf the Enlightened comes into view.
He is wielding a quarterstaff of chaos.
Crazy Yiuf shouts!
There is an open door here.
You hit Crazy Yiuf. Crazy Yiuf closely misses you.
You hit Crazy Yiuf but do no damage. Crazy Yiuf hits you but does no damage.
You are electrocuted!
Crazy Yiuf hits you but does no damage.
You feel drained.
You take 8 damage, and have 40/48 hp.
You hit Crazy Yiuf but do no damage.
Crazy Yiuf hits you with a quarterstaff of chaos.
You feel your power leaking away.
You take 4 damage, and have 36/48 hp.
You now have 3/5 mp.
You hit Crazy Yiuf.
Crazy Yiuf hits you with a quarterstaff of chaos!
Crazy Yiuf burns you.
You take 16 damage, and have 20/48 hp.
MASSIVE DAMAGE!!
You completely miss Crazy Yiuf. Crazy Yiuf misses you.
Your chain mail prevents you from hitting Crazy Yiuf.
Crazy Yiuf hits you but does no damage.
Unknown command.
You sock Crazy Yiuf!
Crazy Yiuf yells, "Cholesterol illywillydillykilly bush!"
Crazy Yiuf barely misses you.
You hit Crazy Yiuf.
Crazy Yiuf hits you with a quarterstaff of chaos!
* * * LOW HITPOINT WARNING * * *
You feel yourself slow down.
You take 9 damage, and have 12/48 hp.
Your chain mail prevents you from hitting Crazy Yiuf.
Crazy Yiuf hits you with a quarterstaff of chaos.
* * * LOW HITPOINT WARNING * * *
Crazy Yiuf hits you with a quarterstaff of chaos.
* * * LOW HITPOINT WARNING * * *
Crazy Yiuf freezes you.
* * * LOW HITPOINT WARNING * * *
You hit Crazy Yiuf but do no damage.
Crazy Yiuf hits you with a quarterstaff of chaos.
* * * LOW HITPOINT WARNING * * *
You feel your power leaking away.
You take 7 damage, and have 5/48 hp.
You now have 1/5 mp.
You hit Crazy Yiuf but do no damage.
Crazy Yiuf hits you with a quarterstaff of chaos!
You die...

#...######.##########
#..........#
#...######## #.#.#
#...# ##### ##..#
#..)# #..# #...# ##.#
#.g.# #### #[# #@#
...# #.# ♣♣.♣
...#######.# ♣.♣♣
...'.......# ♣♣.♣
...######..# ♣.♣♣
...........# ♣♣.♣♣
....#####..# ♣...♣♣
....#...#..# ♣♣...♣
#.#.#.#.#..# ##..##


You could see Crazy Yiuf.

Vanquished Creatures
  Terence (D:2)
  Robin (D:2)
  3 adders (D:2)
  2 dart slugs
  A leopard gecko (D:2)
  3 bats
  A giant cockroach (D:1)
  16 goblins
  7 hobgoblins
  3 jackals (D:1)
  7 kobolds
  5 rats
50 creatures vanquished.

Notes
Turn   | Place    | Note
-------+----------+-------------------------------------------
     0 | D:1      | drasked the Hill Orc Monk began the quest for the Orb.
     0 | D:1      | Reached XP level 1. HP: 19/19 MP: 1/1
   177 | D:1      | Noticed an ogre
   177 | D:1      | Noticed an ogre
   178 | D:1      | Noticed an ogre
   187 | D:1      | Noticed an ogre
   304 | D:1      | Reached skill level 4 in Fighting
   304 | D:1      | Reached XP level 2. HP: 22/27 MP: 2/2
  1091 | D:1      | Reached XP level 3. HP: 34/34 MP: 3/3
  1535 | D:2      | Found a glowing silver altar of Zin.
  1561 | D:2      | Reached skill level 4 in Maces & Flails
  1581 | D:2      | Noticed Terence
  1605 | D:2      | Killed Terence
  1765 | D:2      | Found a runed door.
  1884 | D:2      | Reached XP level 4. HP: 30/41 MP: 4/4
  1892 | D:2      | Reached skill level 5 in Fighting
  2209 | D:2      | Noticed Robin
  2257 | D:2      | Killed Robin
  2539 | D:2      | Reached XP level 5. HP: 47/48 MP: 5/5
  2700 | D:2      | Noticed Crazy Yiuf
  2709 | D:2      | HP: 12/48 [Crazy Yiuf/quarterstaff of chaos (9)]
  2711 | D:2      | HP: 5/48 [Crazy Yiuf/quarterstaff of chaos (3)]
  2712 | D:2      | Mangled by Crazy Yiuf

Vault maps used:
D:1:      erik_arrival_cave_to_civilisation, minmay_strange_pillars,
          minivault_24, kennysheep_another_room, minmay_tripent
D:2:      overflow_temple_1_default, uniq_robin, uniq_terence,
          uniq_crazy_yiuf_cottage

Skill      XL: |  1  2  3  4 |
---------------+-------------+-----
Fighting       | 4 5 |  5.4
Maces & Flails | 4 |  4.7
Dodging        | |  2.4
Stealth        | |  1.5

Action                   |  1- 3 |  4- 6 || total
-------------------------+-------+-------++-------
Melee: Mace              |    95 |       ||    95
       Flail             |    10 |    75 ||    85
 Stab: Sleeping          |     5 |       ||     5
  Eat: Chunk             |     2 |     3 ||     5
Armor: Robe              |    11 |       ||    11
       Chain mail        |     9 |    62 ||    71
Dodge: Dodged            |    70 |    25 ||    95

Vault maps used:
D:1:      erik_arrival_cave_to_civilisation, minmay_strange_pillars,
          minivault_24, kennysheep_another_room, minmay_tripent
D:2:      overflow_temple_1_default, uniq_robin, uniq_terence,
          uniq_crazy_yiuf_cottage

Table legend:
 A = Turns spent in this place as a percentage of turns spent in the entire game.
 B = Non-inter-level travel turns spent in this place as a percentage of non-inter-level travel turns spent in the entire game.
 C = Inter-level travel turns spent in this place as a percentage of turns spent in this place.
 D = Turns resting spent in this place as a percentage of non-inter-level travel turns spent in this place.
 E = Turns spent auto-exploring this place as a percentage of non-inter-level travel turns spent in this place.
 F = Non-inter-level travel turns spent in this place divided by the number of levels of this place that you've seen.
                   A       B       C       D       E      F
               +-------+-------+-------+-------+-------+----------------------
         Total | 100.0 | 100.0 |   0.2 |   2.9 |   9.2 | 310.5
       Dungeon | 100.0 | 100.0 |   0.2 |   2.9 |   9.2 | 310.5
               +-------+-------+-------+-------+-------+----------------------

Table legend:
 A = Kills in this place as a percentage of kills in entire the game.
 B = Kills by you in this place as a percentage of kills by you in the entire game.
 C = Kills by friends in this place as a percentage of kills by friends in the entire game.
 D = Other kills in this place as a percentage of other kills in the entire game.
 E = Experience gained in this place as a percentage of experience gained in the entire game.
 F = Experience gained in this place divided by the number of levels of this place that you have seen.
                   A       B       C       D       E      F
               +-------+-------+-------+-------+-------+----------------------
         Total | 100.0 | 100.0 |  -nan |  -nan | 100.0 |  84.0
       Dungeon | 100.0 | 100.0 |  -nan |  -nan | 100.0 |  84.0
               +-------+-------+-------+-------+-------+----------------------
